[Event "*** MasterClass Titled Tuesday Blitz"]
[Site "Chess.com"]
[Date "2017.08.01"]
[Round "2"]
[White "Al_Shima"]
[Black "Rumpel-VK"]
[Result "1/2-1/2"]
[WhiteElo "2389"]
[BlackElo "2405"]
[TimeControl "180+2"]
[EndTime "13:25:31 PDT"]
[Termination "Game drawn by agreement"]

1. b3 d5 2. Bb2 Nf6 3. e3 Bg4 4.
Be2 Bxe2 5. Qxe2 c6 6. f4 g6 7. Nf3 Bg7 8. d3 O-O 9. Nbd2 a5 10. a4 Na6 11. O-O Nb4 12. Rac1 Na2 13. Ra1 Nb4 14. Rac1 Rc8 15. Ne5 Nd7 16. Ndf3 Nxe5 17. Bxe5 f6 18. Bc3 Qd7 19. Bxb4 axb4 20. e4 e6 21. Rce1 Qd6 22. e5 fxe5 23. Nxe5 Bxe5 24. Qxe5 Qxe5 25. Rxe5 Rf6 26. Rfe1 Kf7 27. g3 Ke7 28. h4 Kd6 29. Kf2 b5 30. axb5 cxb5 31. R5e2 h6 32. Ra1 g5 33. hxg5 hxg5 34. Ke3 gxf4+ 35.
gxf4 Rh8 36. Ra6+ Kd7 37. Rg2 Rh3+ 38. Kd2 Ke7 39. Rg7+ Kf8 40. Rb7 Kg8 41. Ra8+ Rf8 42. Rxf8+ Kxf8 43. Rxb5 Rh2+ 44. Kc1 Ke7 45. Rxb4 Kd6 46.
Kb2 Rf2 47. Kc3 Kc5 48. Ra4 Kb5 49. Kb2 Rf1 50. Kc3 Rf2 51. Rd4 Kc5 52. b4+ Kc6 53. Kb3 Rf3 54. c4 Rf1 55. Kc3 Rf2 56. cxd5+ exd5 57.
b5+ Kc5 58. b6 Kxb6 59. Rxd5 Rxf4 60. Rh5 Kc6 61. d4 Kd6 62. Kc4 Rf6 63. Ra5 Kd7 64. Ra7+ Kd8 65. Kc5 Rf5+ 66. Kd6 Rf6+ 67. Ke5 Rb6 68.
d5 Rh6 69. Kd4 Rg6 70. Kc5 Rh6 71. d6 Rh1 72. Ra8+ Kd7 73. Ra7+ Kd8 74. Kd5 Rd1+ 75.
Ke6 Re1+ 1/2-1/2

[Event "*** MasterClass Titled Tuesday Blitz"]
[Site "Chess.com"]
[Date "2017.08.01"]
[Round "2"]
[White "Incognito_Knight"]
[Black "popov_m"]
[Result "0-1"]
[WhiteElo "2366"]
[BlackElo "2422"]
[TimeControl "180+2"]
[EndTime "13:25:39 PDT"]
[Termination "popov_m won by resignation"]

1. e4 g6 2. d4 Bg7 3. Nc3 d6 4.
f4 Nf6 5. Nf3 O-O 6. Bd3 Nc6 7. e5 dxe5 8. fxe5 Nh5 9. Ne2 Bg4 10.
Be3 Bxf3 11. gxf3 f6 12. e6 f5 13. Bc4 Na5 14. Qd3 Nxc4 15. Qxc4 Qd6 16. O-O-O b5 17.
Qb3 a5 18. Nc3 c6 19. a4 Rfb8 20. axb5 cxb5 21. Nxb5 a4 22. Nxd6 axb3 23. Nc4 f4 24. Bf2 Nf6 25. c3 Ra4 26. Ne5 Nd5 27. Nd7 Rc8 28. Nc5 Ra1+ 29. Kd2 Ra2 30. Rb1 Nxc3 31.
Kxc3 Rxc5+ 32. Kxb3 Rca5 33. Rbc1 Ra8 34. Rc7 Bf6 35.
Rhc1 Kg7 36. Rc8 R8a6 37. R1c6 R6a5 38. Rc5 Ra6 39. Rb5 Ra1 40. d5 Rf1 41. Rc2 Raa1 42.
Rb7 Rad1 43. Rd7 Rd3+ 44. Ka2 Kh6 45. Bc5 Rfxf3 46. d6 exd6 47. e7 Bxe7 48. Rxe7 dxc5 49. Rxc5 Rd2 50. Rcc7 Rff2 51. Rxh7+ Kg5 52. Rc5+ Kg4 53. h3+ Kg3 54. Rg5+ Kf3 55. Rb7 Rg2 56. Rc5 Kg3 57. Rg5+ Kh2 58. Re5 f3 59. h4 f2 60. Rf7 Kg1 0-1

[Event "*** MasterClass Titled Tuesday Blitz"]
[Site "Chess.com"]
[Date "2017.08.01"]
[Round "2"]
[White "TregubovP"]
[Black "jcibarra"]
[Result "1-0"]
[WhiteElo "2482"]
[BlackElo "2645"]
[TimeControl "180+2"]
[EndTime "13:25:50 PDT"]
[Termination "TregubovP won by resignation"]

1. d4 Nf6 2. c4 d6 3. Nf3 g6 4.
g3 Bg7 5. Bg2 O-O 6. O-O Bf5 7.
Ne1 Nc6 8. Nc3 Na5 9. e4 Bg4 10. f3 Bd7 11. Qe2 c5 12. dxc5 Be6 13. Nd5 dxc5 14.
Be3 Rc8 15. Rd1 Nxd5 16. exd5 Bd7 17. b3 a6 18. Nd3 b6 19. f4 Nb7 20. Ne5 Qc7 21.
Bf2 Nd6 22. Rfe1 Rfe8 23. Qf1 Bf5 24. g4 Bd7 25. h3 b5 26. Bg3 Qa7 27. Kh1 a5 28.
Nc6 Bxc6 29. dxc6 bxc4 30. bxc4 Qa6 31. f5 Bd4 32. f6 e5 33. Bd5 Rxc6 34. Bxc6 Qxc6+ 35.
Qg2 Qxg2+ 36. Kxg2 Nxc4 37. Bf2 h6 38. Bxd4 cxd4 39. Rxd4 Rc8 40. Rde4 Nd6 41. Rxe5 g5 42. Rxa5 Rc2+ 43. Kf3 Rc3+ 44. Kg2 Rc2+ 45. Kg1 Kh7 46.
Rd5 Rc6 47. a4 Kg6 48. a5 Kxf6 49. Ra1 Ra6 50. Kf2 Ke6 51. Rd4 Ke5 52. Ke3 f5 53.
Kd3 f4 54. Re1+ Kf6 55. Rd5 Nb7 56. Rf5+ Kg6 57. Ra1 Nd6 58. Rd5 Nf7 59. Kc4 Kf6 60. Kb5 Ra8 61. a6 Ke6 62. Rd2 Nd6+ 63. Kb4 Rb8+ 64.
Ka4 Ra8 65. Re1+ Kd7 66. Ka5 Rb8 67. Red1 Rb5+ 68. Ka4 Rb6 69. Rxd6+ Rxd6 70. Rxd6+ Kxd6 71. a7 Kc7 72. a8=Q 1-0

[Event "*** MasterClass Titled Tuesday Blitz"]
[Site "Chess.com"]
[Date "2017.08.01"]
[Round "2"]
[White "SipkeErnst"]
[Black "iturrizaga"]
[Result "1-0"]
[WhiteElo "2512"]
[BlackElo "2645"]
[TimeControl "180+2"]
[EndTime "13:25:53 PDT"]
[Termination "SipkeErnst won on time"]

1. d4 Nf6 2. c4 e6 3. Nc3 Bb4 4.
e3 O-O 5. Bd3 d5 6. Nf3 c5 7.
O-O dxc4 8. Bxc4 Nc6 9. a3 Ba5 10. Qd3 a6 11. dxc5 Qxd3 12. Bxd3 Bxc3 13. bxc3 Nd7 14. a4 Nxc5 15. Bc2 Na5 16. Ba3 b6 17.
Rab1 Nc4 18. Bxc5 bxc5 19. Bd3 Na5 20. Be4 Ra7 21. Ne5 Rc7 22. Bd3 Rd8 23. Rfd1 f6 24.
Bxa6 Rf8 25. Bxc8 Rfxc8 26. Rb5 Ra8 27. Rd7 Rxd7 28. Nxd7 Rd8 29. Rxa5 Rxd7 30. g4 Rd1+ 31. Kg2 Ra1 32. c4 Kf7 33. h4 Kg6 34. f3 h5 35.
gxh5+ Kxh5 36. Kg3 Rg1+ 37. Kf2 Ra1 38. Kg3 e5 39. e4 Rg1+ 40. Kf2 Ra1 41. Rxc5 Kxh4 42. a5 Ra4 43. Rc7 Rxa5 44. Rxg7 Rc5 45. Rg6 Rxc4 46. Rxf6 Rc2+ 47. Ke3 Rc3+ 48. Ke2 Rc5 49. Rg6 Rc2+ 50.
Kd3 Rc5 51. Rg2 Kh3 52. Rg5 Kh4 53. f4 Rc1 54. Rxe5 Kg4 55. f5 Kf4 56. Re6 Rd1+ 57. Kc4 Rd8 58. Kc5 Kg5 59. Kc6 Rd4 60. Kc5 Rd1 61. Rd6 Re1 62. Kd5 Kf4 63. f6 Rxe4 64. Re6 1-0

[Event "*** MasterClass Titled Tuesday Blitz"]
[Site "Chess.com"]
[Date "2017.08.01"]
[Round "2"]
[White "beastfromweast"]
[Black "Cryptochess"]
[Result "0-1"]
[WhiteElo "2280"]
[BlackElo "2471"]
[TimeControl "180+2"]
[EndTime "13:26:09 PDT"]
[Termination "Cryptochess won by resignation"]

1. d4 Nf6 2. Nf3 c5 3. d5 b5 4. c4 bxc4 5. Nc3 d6 6. e4 g6 7. Nd2 Bg7 8. Nxc4 O-O 9. Be2 Ba6 10. Be3 Nbd7 11. O-O Nb6 12. b3 Nxc4 13. Bxc4 Qa5 14. Qd3 Bxc4 15. Qxc4 Ng4 16. Bd2 Qb4 17. f4 Bd4+ 18. Kh1 Nf2+ 19. Rxf2 Bxf2 20. Qe2 Qd4 21. g3 c4 22. b4 a5 23. b5 Qb6 24. Qxc4 Rac8 25. Qd3 Bd4 26. Na4 Qa7 27. Rb1 Bb6 28. Bc3 Rc7 29. Nxb6 Qxb6 30. Bd4 Qb7 31. Bc3 Rfc8 32.
Bxa5 Rc2 33. h4 Rxa2 34. h5 Rxa5 35. h6 f6 36. e5 fxe5 37. fxe5 dxe5 38. Qe4 Qd7 39.
Kh2 Ra2+ 40. Kg1 Rcc2 41. Qxe5 Rg2+ 42. Kf1 Raf2+ 43. Ke1 Re2+ 44. Qxe2 Rxe2+ 45. Kxe2 Qxd5 46. Ke3 Qg5+ 47. Kd4 Qg4+ 48. Kc3 Qxg3+ 49. Kb4 Qd6+ 50. Ka5 Qc5 51. Ka6 Qa3+ 52. Kb7 Qf3+ 53. Ka6 Qa3+ 54. Kb7 Qd3 55. Rb4 Qd2 56. Rb1 Qd5+ 57. Kb6 g5 58. Rb4 e5 59. Ka5 Qa8+ 60. Kb6 e4 61. Kc5 e3 62. b6 e2 63. b7 Qa5+ 64. Kc4 Qxb4+ 65. Kxb4 e1=Q+ 66. Kb5 Qe5+ 67. Kc6 g4 68. Kd7 g3 69. Kc8 g2 70. b8=B Qxb8+ 71. Kxb8 g1=Q 72. Kc7 Qg6 0-1

[Event "*** MasterClass Titled Tuesday Blitz"]
[Site "Chess.com"]
[Date "2017.08.01"]
[Round "2"]
[White "Big_Fishy"]
[Black "evgenysharapov"]
[Result "0-1"]
[WhiteElo "2250"]
[BlackElo "2241"]
[TimeControl "180+2"]
[EndTime "13:26:19 PDT"]
[Termination "evgenysharapov won by resignation"]

1. d4 d5 2. Nc3 Nf6 3. Bf4 c6 4. e3 Bf5 5. f3 e6 6. g4 Bg6 7. h4 h5 8. g5 Nfd7 9. Bd3 Bxd3 10.
cxd3 g6 11. Qb3 Qb6 12. Nge2 Qxb3 13. axb3 Na6 14. Kd2 Be7 15. Na4 Bb4+ 16. Nac3 Ke7 17. Bg3 Bd6 18. Bxd6+ Kxd6 19. f4 Nb4 20. Na2 Nxa2 21.
Rxa2 c5 22. dxc5+ Nxc5 23. Nd4 a6 24. b4 Nd7 25. Rc1 Rac8 26. Raa1 Nb6 27. Rc3 Rxc3 28. bxc3 Ra8 29. Nb3 Nd7 30. Na5 b6 31. Nb3 Nb8 32. c4 dxc4 33. dxc4 Kc7 34. Kc3 Nd7 35. Nd4 Kb7 36.
Nf3 Rc8 37. Kb3 Rd8 38. Ra2 Rc8 39. Rd2 Kc7 40. Kc3 Ra8 41. Ra2 a5 42. bxa5 Rxa5 43.
Rb2 Ra1 44. Nd4 Rc1+ 45. Kd2 Rxc4 46. Ra2 Kb7 47. Nb5 Rb4 48. Nd6+ Kc6 49. Nxf7 Nc5 50. Ne5+ Kd5 51. Nxg6 Ke4 52. Ne5 Rb1 53. Rc2 Rh1 54. g6 Rg1 55. Rc4+ Kf5 56. Rb4 Ne4+ 57. Kd3 Nc5+ 58.
Kc4 Rc1+ 59. Kb5 Kf6 60. Kxb6 Rc3 61. Rc4 Rxc4 62. Nxc4 Nd3 63. Ne5 Ne1 64. Kc6 Ng2 65.
Kd7 Nxh4 66. g7 Kxg7 67. Kxe6 Ng2 68. Nc4 h4 69. Kf5 h3 70. Nd2 h2 71. Nf3 h1=Q 72.
e4 Ne3+ 73. Ke5 Qxf3 74. f5 Ng4+ 75. Ke6 Qxe4+ 0-1

[Event "*** MasterClass Titled Tuesday Blitz"]
[Site "Chess.com"]
[Date "2017.08.01"]
[Round "2"]
[White "toad"]
[Black "Bad4life"]
[Result "0-1"]
[WhiteElo "2060"]
[BlackElo "2173"]
[TimeControl "180+2"]
[EndTime "13:26:27 PDT"]
[Termination "Bad4life won by resignation"]

1. d4 Nf6 2. c4 g6 3. g3 Bg7 4.
Bg2 O-O 5. Nf3 d6 6. O-O Nc6 7. Nc3 a6 8. b3 Rb8 9. d5 Na5 10. Bg5 b5 11. cxb5 axb5 12. Rc1 b4 13. Na4 Bb7 14. Ne1 Nd7 15. Qd2 Ba6 16. Nd3 Re8 17.
Nxb4 Bb5 18. Nd3 Bxa4 19. Qxa5 Bb5 20. Qxc7 Bxd3 21. exd3 Ne5 22. Qxd8 Rbxd8 23. Rc7 f6 24. Be3 Nxd3 25. Rd1 Ne5 26. Bh3 f5 27. Bg5 Kf7 28. Bf4 Ra8 29. Rd2 Ra5 30. Rdc2 Rxd5 31. Kg2 h5 32. Be3 Rd3 33. Kf1 Ra8 34. Ke2 Rd5 35. Bg2 Rda5 36. Bg5 R8a7 37. Rxa7 Rxa7 38. a4 Ke6 39.
Be3 Ra5 40. Ra2 Ng4 41. b4 Re5 42. a5 d5 43. Kd3 Nxe3 44. fxe3 Bh6 45. a6 Rxe3+ 46.
Kc2 Re2+ 47. Kb3 Rxa2 48. Kxa2 Be3 49. Kb3 Kd6 50. Bf1 e5 51. Ka4 Bg1 52. b5 Kc7 53.
Ka5 Bb6+ 54. Kb4 Kd6 55. Bg2 g5 56. Kc3 h4 57. gxh4 gxh4 58. Kb4 Kc7 59. Bxd5 Kd6 60. Bg2 e4 61. Bh3 Ke5 62. Kc4 f4 63. Bg4 f3 64. Bh5 Ba7 65. Bg4 Kf4 66. Bh5 f2 67.
Be2 Ke3 68. Bf1 Kd2 69. Kd5 e3 70. Kc6 e2 71. Bxe2 Kxe2 72. Kb7 Be3 73. a7 Bxa7 74. Kxa7 f1=Q 75. b6 Qa1+ 76. Kb8 Kf2 77. b7 Kg2 78. Kc8 Qh8+ 79. Kc7 Kxh2 80. b8=Q Qxb8+ 81. Kxb8 h3 82. Kc7 Kg2 83. Kd6 h2 84. Ke5 h1=Q 85. Kf4 0-1

[Event "*** MasterClass Titled Tuesday Blitz"]
[Site "Chess.com"]
[Date "2017.08.01"]
[Round "2"]
[White "matej2221"]
[Black "IMcoach"]
[Result "0-1"]
[WhiteElo "2293"]
[BlackElo "2322"]
[TimeControl "180+2"]
[EndTime "13:26:36 PDT"]
[Termination "IMcoach won by resignation"]

1. e4 g6 2. Nf3 Bg7 3. d4 d6 4. Nc3 Nc6 5. d5 Nb8 6. Be3 Nf6 7. Bd4 Nbd7 8. Be2 O-O 9. O-O c6 10. dxc6 bxc6 11. e5 dxe5 12. Nxe5 Nxe5 13. Bxe5 Qb6 14. Bf3 Be6 15. Qe2 Rfd8 16. Rfd1 Rac8 17. b3 c5 18. Na4 Qb4 19. c3 Qa5 20. c4 Nd7 21. Bxg7 Kxg7 22.
Bd5 Nf8 23. Qe5+ Kg8 24. Rd3 Rd6 25. Rad1 Qc7 26. f3 Rcd8 27. Be4 Nd7 28. Qg3 Nb6 29. Rxd6 Rxd6 30. Rxd6 exd6 31. Nc3 a6 32. Kf2 Qe7 33.
Qf4 Kg7 34. Qd2 Qh4+ 35. Kg1 Qe7 36. Kf2 Qh4+ 37. Kg1 Qe7 38. Kf2 h5 39. g3 h4 40.
Bd5 hxg3+ 41. hxg3 Bf5 42. Be4 Be6 43. Ne2 Nd7 44. Qc3+ Kg8 45. Bb7 Ne5 46. Bxa6 Qf6 47. Bb7 Ng4+ 48. Kg2 Ne5 49. f4 Qe7 50. Be4 Ng4 51.
Bf3 Nf6 52. a4 d5 53. cxd5 Nxd5 54. Bxd5 Bxd5+ 55. Kf2 Qe4 56. Qe3 Qg2+ 57. Ke1 Bf3 58. a5 Bxe2 59. Qxe2 Qxg3+ 60. Kd1 Qxb3+ 61. Qc2 Qd5+ 62. Kc1 Qd4 63. a6 Qxf4+ 64. Kb2 Qb4+ 65. Qb3 Qd2+ 66.
Qc2 Qd4+ 67. Qc3 Qf2+ 68. Kb3 Qf6 69. Qa5 Qf3+ 70. Kb2 Qe2+ 71. Kb1 Qd3+ 72. Kc1 Qe3+ 73. Kb1 Qe1+ 74. Kc2 Qxa5 0-1

[Event "*** MasterClass Titled Tuesday Blitz"]
[Site "Chess.com"]
[Date "2017.08.01"]
[Round "2"]
[White "chessdude"]
[Black "dzhumagaliev"]
[Result "1-0"]
[WhiteElo "2432"]
[BlackElo "2515"]
[TimeControl "180+2"]
[EndTime "13:26:42 PDT"]
[Termination "chessdude won by checkmate"]

1. e4 c5 2. Nf3 Nc6 3. Bb5 e6 4. O-O Nge7 5. d4 cxd4 6. Nxd4 a6 7. Be2 Nxd4 8. Qxd4 Nc6 9. Qd3 Qc7 10. c4 Be7 11.
Nc3 O-O 12. Be3 Ne5 13. Qd4 d6 14. Rac1 Nd7 15. Rfd1 b6 16. f4 Bb7 17. Bf3 Rab8 18. b3 Rfe8 19. Qd2 Bf8 20. Kh1 Rbc8 21. Bf2 Qb8 22. Qe2 Bc6 23. e5 Red8 24. Bxc6 Rxc6 25.
Bg3 dxe5 26. fxe5 Rcc8 27. Rc2 Nc5 28. Rcd2 Be7 29. b4 Nb7 30. a3 Rxd2 31. Rxd2 Rd8 32. Ne4 h6 33. h3 a5 34. Qe1 axb4 35. axb4 Qc7 36. Rxd8+ Qxd8 37. Qc3 Qd1+ 38. Kh2 Qe2 39. Nd6 Nd8 40. b5 Qd1 41. Qe3 f5 42. Qxb6 g5 43. Bf2 Qe2 44. Qe3 Qd1 45. Qd4 Qe2 46. c5 Bf8 47. c6 Bg7 48. c7 Bxe5+ 49. Qxe5 Qxe5+ 50. Bg3 Qf6 51. c8=Q f4 52. Bf2 Kh7 53. Qd7+ Kg6 54. Qe8+ Kh7 55. Qd7+ Kg6 56. Qe8+ Kh7 57. Bb6 f3 58. Qd7+ Kg6 59. Qxd8 Qe5+ 60. Kh1 Qe1+ 61.
Bg1 fxg2+ 62. Kh2 Qe5+ 63. Kxg2 Qd5+ 64. Kf2 Qd2+ 65. Kf3 Qd3+ 66. Be3 Qd5+ 67. Ke2 Qg2+ 68. Kd3 Qd5+ 69. Bd4 Qb3+ 70. Bc3 Qd5+ 71. Kc2 Qa2+ 72. Kc1 Qa3+ 73. Bb2 Qe3+ 74. Kc2 Qe2+ 75. Kb3 Qf3+ 76.
Kb4 Qxh3 77. Qe8+ Kh7 78. Qf7# 1-0

[Event "*** MasterClass Titled Tuesday Blitz"]
[Site "Chess.com"]
[Date "2017.08.01"]
[Round "2"]
[White "Marcus_Harvey"]
[Black "attack2mateU"]
[Result "1-0"]
[WhiteElo "2592"]
[BlackElo "2493"]
[TimeControl "180+2"]
[EndTime "13:26:45 PDT"]
[Termination "Marcus_Harvey won by resignation"]

1. Nf3 c5 2. b3 Nc6 3. Bb2 d5 4. e3 Nf6 5. Bb5 Bd7 6. O-O e6 7. c4 a6 8. Bxc6 Bxc6 9. Ne5 Rc8 10. Nxc6 Rxc6 11. d3 Be7 12. Nd2 O-O 13. Nf3 b5 14. cxd5 exd5 15. Rc1 Rc8 16. Re1 Qa5 17. a3 Rfd8 18.
Qc2 c4 19. Nd4 Bxa3 20. Ra1 b4 21. Bxa3 bxa3 22. bxc4 dxc4 23. dxc4 Nd7 24. Qa2 Ne5 25.
Qxa3 Qxa3 26. Rxa3 Rd6 27. Rea1 Rxc4 28. f3 g6 29. Rxa6 Rxa6 30. Rxa6 Nd3 31. Ra1 f5 32. Rd1 Nc5 33. Ne2 Kf7 34. Rc1 Rxc1+ 35. Nxc1 Ke6 36. Kf2 Kd5 37. Ke2 Kc4 38. Kd2 g5 39. Ne2 Ne6 40.
Ng3 f4 41. Ne4 Kd5 42. Nf6+ Ke5 43. Nxh7 Kf5 44. exf4 gxf4 45. h4 Kg6 46. Ng5 Nc5 47.
Nh3 Kf5 48. Ke2 Ne6 49. Kf2 Ng7 50. Ng1 Nh5 51. Ne2 Nf6 52. Kg1 Nd5 53. Kh2 Kg6 54. Kh3 Kh5 55. Nc1 Ne3 56. Nd3 Nd5 57. Nc5 Ne3 58.
Ne6 Nd5 59. Ng7+ Kg6 60. Ne8 Kh5 61. Nd6 Ne3 62. Ne4 Nd1 63. g4+ fxg3 64. Kxg3 Ne3 65.
Nf6+ Kg6 66. Ng4 Nf5+ 67. Kh3 Kh5 68. Nf6+ Kg6 69. Ne4 Ne3 70. Ng3 Kh6 71. Ne2 Kg6 72. Nf4+ Kf5 73. Nd3 Kg6 74. Kg3 Nf5+ 75. Kg4 Ne3+ 76.
Kf4 Ng2+ 77. Kg3 Ne3 78. Nf4+ Kf5 79. Ng2 Nf1+ 80. Kf2 Nd2 81. Ke2 Nb3 82. Ke3 Na5 83. Kf2 Nc6 84. Kg3 Nd4 85. Ne3+ Ke5 86. Kg4 Kf6 87.
h5 Ne6 88. f4 Nd4 89. Nd5+ Ke6 90. Nc3 Kf6 91. Ne4+ Kg7 92. Ng3 Kf6 93. f5 Nc6 94. Ne4+ Ke5 95. h6 Kxe4 96. h7 Ne5+ 97. Kg5 Nf7+ 98. Kf6 Nh8 99. Kg7 Kxf5 100. Kxh8 1-0

[Event "*** MasterClass Titled Tuesday Blitz"]
[Site "Chess.com"]
[Date "2017.08.01"]
[Round "2"]
[White "pedroholly22"]
[Black "oskariot"]
[Result "0-1"]
[WhiteElo "2275"]
[BlackElo "2508"]
[TimeControl "180+2"]
[EndTime "13:27:20 PDT"]
[Termination "oskariot won by checkmate"]

1. e4 c5 2. Nf3 d6 3. d4 cxd4 4.
Nxd4 Nf6 5. Nc3 Nc6 6. Bg5 Bd7 7. Qd2 Rc8 8. O-O-O Nxd4 9. Qxd4 Qa5 10. Bd2 a6 11. Kb1 g6 12. Nd5 Qc5 13. Nxf6+ exf6 14. Qxc5 dxc5 15.
Bc3 Be7 16. Bc4 Be6 17. Bd5 b5 18. Bb7 Rb8 19. Bc6+ Kf8 20. b3 Kg7 21. f4 Rhd8 22. h3 c4 23. b4 h5 24. Rhe1 a5 25. a3 axb4 26. axb4 Rb6 27. Bd5 Rbd6 28. Kc1 Kf8 29. Bxe6 Rxd1+ 30. Rxd1 Rxd1+ 31. Kxd1 fxe6 32. Ke2 f5 33.
Kf3 Ke8 34. Be1 Kd7 35. g4 Kc6 36. Bd2 Bd8 37. Be1 Bb6 38. Bd2 Bd4 39. Be1 Bb2 40.
Bf2 Bc3 41. Bc5 Bd2 42. Bf8 Kd7 43. Bc5 Ke8 44. gxh5 gxh5 45. Bd6 Kf7 46. Bc5 Kg6 47. Bd6 Bc3 48. Bc5 Kf7 49. Bd6 Kf6 50. Bc5 Kf7 51.
Bd6 Be1 52. Bc5 Bd2 53. Bd6 Kf6 54. Bc5 e5 55. fxe5+ Kxe5 56. exf5 Kxf5 57. Bd6 Ke6 58. Bf8 Kd5 59. Ke2 Bc3 60. Bc5 Ke4 61. Bd6 Bd4 62.
Bc7 Bf6 63. Bd6 Bg5 64. Bf8 Bf6 65. Bd6 Bd4 66. Bf8 Bb6 67. Bd6 Kd4 68. Kd2 c3+ 69. Ke2 Bd8 70. Kf3 Bg5 71. Bf4 Bh4 72. Bd6 Kc4 73. Ke3 Bg5+ 74. Ke4 Bc1 75. Kf5 Ba3 76. Kg5 Bxb4 77. Be5 Bc5 78. Kxh5 b4 79. Kg6 Bd4 80. Bxd4 Kxd4 81. h4 b3 82. h5 bxc2 83. h6 c1=Q 84.
h7 Qh1 85. Kg7 Qxh7+ 86. Kxh7 c2 87. Kg6 c1=Q 88. Kh7 Qc5 89. Kg7 Ke4 90. Kf7 Qb6 91. Kg7 Kf5 92. Kf7 Qb7+ 93. Kg8 Kg6 94. Kh8 Qg7# 0-1

[Event "*** MasterClass Titled Tuesday Blitz"]
[Site "Chess.com"]
[Date "2017.08.01"]
[Round "2"]
[White "GMMarcinDziuba"]
[Black "KNVB"]
[Result "1-0"]
[WhiteElo "2533"]
[BlackElo "2504"]
[TimeControl "180+2"]
[EndTime "13:27:42 PDT"]
[Termination "GMMarcinDziuba won on time"]

1. d4 Nf6 2. c4 e6 3. Nf3 b6 4.
g3 Ba6 5. b3 Bb7 6. Bg2 Bb4+ 7.
Bd2 c5 8. O-O O-O 9. d5 Bxd2 10.
Nfxd2 exd5 11. Nc3 d6 12. cxd5 Re8 13. Re1 Nbd7 14.
Qc2 a6 15. a4 Qc7 16. e4 Re7 17. Nc4 Rae8 18. Qd2 Ne5 19. Ne3 Bc8 20. f4 Ng6 21.
Nc4 Qb8 22. h3 b5 23. axb5 axb5 24. Nxb5 Qxb5 25. Nxd6 Qxb3 26. Nxe8 Rxe8 27. e5 Nh5 28.
Re3 Qb4 29. Qxb4 cxb4 30. Rb1 Nhxf4 31. gxf4 Nxf4 32. Rxb4 g5 33. Rb8 Nxg2 34. Rc3 Rxe5 35. Rcxc8+ Kg7 36. Kxg2 Rxd5 37. Rb6 Rf5 38. Rc3 Re5 39. Rf3 Re7 40. Kg3 h6 41. h4 Rd7 42.
hxg5 hxg5 43. Rf5 Rd3+ 44. Kg4 Rd4+ 45. Kxg5 Rd1 46. Kf4 Rf1+ 47. Ke4 Re1+ 48. Kd3 Rd1+ 49. Ke2 Rd7 50. Rb4 f6 51. Rbf4 Rd6 52. Kf2 Kg6 53. Kg3 Ra6 54. Rf3 Rb6 55. R5f4 Ra6 56. Rg4+ Kf7 57. Rc4 Kg6 58. Rfc3 Ra1 59. Rc6 Rg1+ 60.
Kf2 Rh1 61. Rf3 Rh2+ 62. Kg3 Ra2 63. Rfxf6+ Kg5 64. Rf3 Ra5 65. Rcc3 Rb5 66. Rf2 Kg6 67. Rfc2 Rg5+ 68. Kf2 Rf5+ 69. Ke3 Re5+ 70. Kd4 Re1 71. Rf2 Rd1+ 72. Ke4 Re1+ 73. Re3 Rg1 74. Ree2 Ra1 75. Kd3 Ra3+ 76. Ke4 Ra4+ 77. Kf3 Kf5 78. Kg2+ Kg4 79. Re3 Kh4 80. Rg3 Ra1 81. Rg8 Kh5 82. Rf5+ Kh6 83. Rf1 Ra2+ 84. Kf3 Ra3+ 85. Ke4 Ra4+ 86. Kd3 Kh7 87.
Rg2 Ra3+ 88. Ke4 Rh3 89. Kf4 Kh6 90. Rf3 Rh1 91. Ke3 Rh4 92. Kf2 Kh7 93. Kg1 Rh6 94. Rh2 Kg7 95. Rxh6 1-0

[Event "*** MasterClass Titled Tuesday Blitz"]
[Site "Chess.com"]
[Date "2017.08.01"]
[Round "2"]
[White "axlbvRR"]
[Black "pawnwonder"]
[Result "0-1"]
[WhiteElo "1975"]
[BlackElo "1873"]
[TimeControl "180+2"]
[EndTime "13:28:56 PDT"]
[Termination "pawnwonder won by checkmate"]

1. d4 Nf6 2. Nf3 g6 3. Bf4 Bg7 4. e3 O-O 5. Be2 d6 6. c4 Nbd7 7. h3 b6 8. O-O c5 9. Nc3 Bb7 10. Rc1 a6 11. a4 Ra7 12. Qd2 Ne4 13. Qc2 Nxc3 14. bxc3 e5 15. dxe5 dxe5 16. Bg3 Qe7 17. Rfd1 e4 18. Nh2 Ne5 19. Ng4 Nxg4 20. Bxg4 f5 21. Bd6 Qf6 22. Bxf8 Kxf8 23. Be2 Bc6 24. Qd2 Rd7 25. Qb2 Rb7 26. Rd2 Bxa4 27. Qa2 Qc6 28.
Bd1 Bxd1 29. Rcxd1 Bxc3 30. Rd6 Qc7 31. Qxa6 Ba5 32.
Qa8+ Ke7 33. Qg8 Qxd6 34. Rxd6 Kxd6 35. Qe8 Rd7 36. Kh2 Re7 37. Qa8 Ke6 38. h4 Kf6 39. Kg3 Bc3 40. Qf8+ Ke6 41. Qc8+ Kf6 42. Kh3 Be1 43.
Kg3 Bc3 44. Qc6+ Re6 45. Qd5 Be5+ 46. Kh3 Re7 47. Qd8 Bc7 48. Qg8 Rf7 49. Qc8 Re7 50. Qh8+ Ke6 51. Qc8+ Kf6 52. g4 fxg4+ 53. Kxg4 h5+ 54.
Kh3 Rf7 55. Qh8+ Ke7 56. Kg2 Ke6 57. Qc8+ Kf6 58. Qe8 Re7 59. Qc6+ Kf7 60. Qd5+ Kg7 61. Qg5 Re5 62. Qf4 Re7 63. Qg5 Re5 64. Qg3 Re7 65. Qh3 Rf7 66. Qc8 Re7 67. Qa8 Kf7 68. Kf1 Kg7 69.
Ke2 Kf7 70. f3 Kg7 71. fxe4 Be5 72. Qd8 Re6 73. Qd5 Kf6 74. Kd2 Rd6 75. Ke2 Rxd5 76.
exd5 Bg3 77. Kf3 Bxh4 78. Ke4 Bg3 79. Kf3 Bd6 80. Ke4 g5 81. Kf3 Ke5 82. Kf2 Ke4 83. Ke2 g4 84. Kf2 h4 85. Ke2 g3 86. Kf1 Kxe3 87.
Kg2 Ke2 88. Kg1 h3 89. Kh1 g2+ 90. Kg1 Kd3 91. Kf2 Bh2 92. Kf3 g1=Q 93. d6 Qg2# 0-1

[Event "*** MasterClass Titled Tuesday Blitz"]
[Site "Chess.com"]
[Date "2017.08.01"]
[Round "3"]
[White "Usurpov"]
[Black "GasconJR"]
[Result "0-1"]
[WhiteElo "2268"]
[BlackElo "2342"]
[TimeControl "180+2"]
[EndTime "13:31:16 PDT"]
[Termination "GasconJR won by resignation"]

1. e4 e5 2. Nf3 Nc6 3. Nc3 Nf6 4. d4 exd4 5. Nxd4 Bb4 6. Nxc6 bxc6 7. Bd3 d5 8. exd5 cxd5 9. O-O O-O 10. Qf3 Bg4 11. Qg3 Bd6 12. Qh4 d4 13. Ne4 Nxe4 14. Bxe4 Qxh4 0-1

[Event "*** MasterClass Titled Tuesday Blitz"]
[Site "Chess.com"]
[Date "2017.08.01"]
[Round "3"]
[White "gui_borba"]
[Black "stepanosinovsky"]
[Result "0-1"]
[WhiteElo "2119"]
[BlackElo "2293"]
[TimeControl "180+2"]
[EndTime "13:32:00 PDT"]
[Termination "stepanosinovsky won by resignation"]

1. Nf3 Nf6 2. b3 g6 3. Bb2 Bg7 4. e3 O-O 5. d4 d6 6. c4 Nbd7 7. Be2 e5 8. dxe5 Ng4 9. O-O Ngxe5 10. Nxe5 Nxe5 11. Nc3 Re8 12. Qd2 a5 13. Rfe1 Be6 14. Rad1 Qh4 15. g3 Qh3 16. Bf1 Nf3+ 0-1

[Event "*** MasterClass Titled Tuesday Blitz"]
[Site "Chess.com"]
[Date "2017.08.01"]
[Round "3"]
[White "SidArun"]
[Black "josiwales"]
[Result "0-1"]
[WhiteElo "2106"]
[BlackElo "2279"]
[TimeControl "180+2"]
[EndTime "13:32:18 PDT"]
[Termination "josiwales won by resignation"]

1. e4 c5 2. d4 cxd4 3. c3 dxc3 4.
Nxc3 Nc6 5. Nf3 e6 6. Bc4 Qc7 7. Qe2 a6 8. a3 b5 9. Ba2 Bb7 10. Be3 Nf6 11. O-O Be7 12. Rac1 O-O 13. Bg5 Ng4 14.
Bxe7 Nd4 0-1

[Event "*** MasterClass Titled Tuesday Blitz"]
[Site "Chess.com"]
[Date "2017.08.01"]
[Round "3"]
[White "ZoltanChef"]
[Black "peteseeger"]
[Result "0-1"]
[WhiteElo "2105"]
[BlackElo "2105"]
[TimeControl "180+2"]
[EndTime "13:32:22 PDT"]
[Termination "peteseeger won by resignation"]

1. Nf3 g6 2. d4 Bg7 3. c4 d6 4.
Nc3 e5 5. dxe5 dxe5 6. Qxd8+ Kxd8 7. Bg5+ f6 8. O-O-O+ Ke8 9. Be3 Be6 10. b3 c6 11. g3 Nh6 12. Bc5 Na6 13. Ba3 Ng4 14. Ne4 Bf8 15. h3 Bxa3+ 16. Kb1 Bf5 17. Nd2 Nxf2 0-1

[Event "*** MasterClass Titled Tuesday Blitz"]
[Site "Chess.com"]
[Date "2017.08.01"]
[Round "3"]
[White "PulpanJ"]
[Black "toad"]
[Result "0-1"]
[WhiteElo "2073"]
[BlackElo "2098"]
[TimeControl "180+2"]
[EndTime "13:33:30 PDT"]
[Termination "toad won by resignation"]

1. e4 c5 2. Nf3 d6 3. d4 cxd4 4. Nxd4 Nf6 5. Nc3 a6 6. Nb3 e6 7. g4 h6 8. Bg2 Nbd7 9. h4 Qc7 10. Be3 b5 11. e5 Bb7 12. exd6 Bxd6 13. Bxb7 Qxb7 14.
Rg1 Bh2 15. Rf1 Ne5 16. Nc5 Qg2 17. Qe2 Rd8 18. f4 Bg3+ 19. Rf2 Nf3+ 0-1

[Event "*** MasterClass Titled Tuesday Blitz"]
[Site "Chess.com"]
[Date "2017.08.01"]
[Round "3"]
[White "IMcoach"]
[Black "LaStreetCmaMaison"]
[Result "1-0"]
[WhiteElo "2335"]
[BlackElo "2475"]
[TimeControl "180+2"]
[EndTime "13:33:35 PDT"]
[Termination "IMcoach won on time"]

1. e4 e6 2. d3 d5 3. Qe2 dxe4 4. dxe4 Nc6 5. c3 Nge7 6. Nf3 g6 7. Bg5 Bg7 8. Na3 O-O 9. Rd1 Bd7 10. Qd2 Be8 11.
Qxd8 Nxd8 12. Bxe7 1-0

[Event "*** MasterClass Titled Tuesday Blitz"]
[Site "Chess.com"]
[Date "2017.08.01"]
[Round "3"]
[White "FairChess_on_YouTube"]
[Black "DavidMarkosyan"]
[Result "1-0"]
[WhiteElo "2731"]
[BlackElo "2500"]
[TimeControl "180+2"]
[EndTime "13:33:53 PDT"]
[Termination "FairChess_on_YouTube won by resignation"]

1. e4 c6 2. d4 d5 3. e5 c5 4.
dxc5 Nc6 5. a3 Nxe5 6. b4 Nf6 7. Bb2 Ng6 8. Nf3 e6 9. h4 Be7 10. h5 Nf4 11. h6 g6 12. Qc1 N4h5 13. Bb5+ Bd7 14.
Bxd7+ Qxd7 15. Ne5 Qc7 16. g4 Ne4 17. gxh5 Bf6 18.
Qf4 Bg5 19. Qh2 Bf6 20. Nd2 Nxd2 21. Kxd2 O-O-O 22. Rae1 Bg5+ 23. f4 Bxh6 24. Kc1 g5 25. Ng4 1-0